 Dungeon Crawl Stone Soup version 0.28.0-1-gb440e238dd (webtiles) character file.

Game seed: 1079730413051403886

8430 DrunkBamboolord the Zephyrmancer (level 11, -10/54 HPs)
             Began as a Tengu Air Elementalist on Feb 27, 2022.
             Was an Initiate of Vehumet.
             Mangled by a cane toad (21 damage)
             ... on level 9 of the Dungeon.
             The game lasted 00:32:18 (15917 turns).

DrunkBamboolord the Zephyrmancer (TeAE)            Turns: 15917, Time: 00:32:18

Health: -10/54     AC:  9    Str:  9    XL:     11   Next: 30%
Magic:  11/26      EV: 18    Int: 19    God:    Vehumet [......]
Gold:   341        SH:  0    Dex: 17    Spells: 16/30 levels left

rFire   . . .      SeeInvis +   y - +4 quarterstaff (vamp)
rCold   + . .      Faith    .   (shield currently unavailable)
rNeg    . . .      Spirit   .   C - +0 steam dragon scales
rPois   +          Reflect  .   (helmet restricted)
rElec   .          Harm     .   x - +2 cloak
rCorr   .          Rampage  .   H - +0 pair of gloves "Peygul" {rC+ Dex+2 SInv}
Will    .....                   (boots unavailable)
Stlth   ++........              (no amulet)
HPRegen 0.18/turn               c - ring of poison resistance
MPRegen 0.20/turn               (no ring)

@: lethally poisoned (-10 -> -20), flying quickly and evasively, quick
A: beak, talons 3, nimble flight
a: Renounce Religion


You were on level 9 of the Dungeon.
You worshipped Vehumet.
Vehumet was noncommittal.
You visited 3 branches of the dungeon, and saw 13 of its levels.

You collected 416 gold pieces.
You spent 75 gold pieces at shops.

Inventory:

Hand Weapons
 y - a +4 vampiric quarterstaff (weapon)
Missiles
 w - 2 boomerangs of dispersal
 A - 2 throwing nets
 E - 4 silver javelins
Armour
 q - a +2 pair of gloves
 x - a +2 cloak (worn)
 C - +0 steam dragon scales (worn)
 H - the +0 pair of gloves "Peygul" (worn) {rC+ Dex+2 SInv}
   (You found it on level 10 of the Dungeon)

   Dex:       It affects your dexterity (+2).
   rC:        It protects you from cold.
   SInv:      It lets you see invisible.
Jewellery
 c - a ring of poison resistance (left hand)
 r - an amulet of faith
 s - an amulet of guardian spirit
Wands
 a - a wand of acid (4)
 t - a wand of polymorph (2)
 F - a wand of iceblast (4)
Scrolls
 b - 5 scrolls of teleportation
 f - a scroll of blinking
 i - a scroll of vulnerability
 j - a scroll of amnesia
 m - 2 scrolls of fear
 n - a scroll of immolation
 v - a scroll of magic mapping {unknown}
 B - a scroll of torment {unknown}
 G - a scroll of silence {unknown}
Potions
 d - a potion of magic
 e - 3 potions of might
 g - a potion of flight {unknown}
 h - a potion of degeneration {unknown}
 k - 2 potions of curing
 l - 2 potions of ambrosia
 o - 2 potions of berserk rage
 p - a potion of haste {unknown}
 u - a potion of attraction {unknown}
 z - a potion of mutation {unknown}
 D - a potion of brilliance {unknown}
 I - a potion of invisibility


   Skills:
 * Level 3.8 Staves
 * Level 6.4 Dodging
 - Level 2.0 Stealth
 * Level 10.0 Spellcasting
 * Level 8.8 Conjurations
 * Level 13.3 Air Magic


You had 16 spell levels left.
You knew the following spells:

 Your Spells              Type           Power      Damage    Failure   Level
a - Shock                 Conj/Air       100%       1d9       1%          1
b - Static Discharge      Conj/Air       51%        N/A       1%          2
c - Swiftness             Air            56%        N/A       1%          3
d - Airstrike             Air            28%        N/A       1%          4
e - Fulminant Prism       Conj/Hex       13%        3d9       12%         4

Your spell library contained the following spells:

 Spells                   Type           Power      Damage    Failure   Level
 Magic Dart               Conj           100%       1d8       1%          1
 Searing Ray              Conj           86%        2d7       1%          2
 Conjure Flame            Conj/Fire      26%        6-21      3%          3
 Blink                    Tloc           18%        N/A       11%         2
 Sticky Flame             Conj/Fire      26%        2d5       12%         4
 Gell's Gravitas          Tloc           9%         N/A       22%         3
 Ignite Poison            Fire/Tmut/Pois 9%         N/A       22%         3
 Summon Guardian Golem    Hex/Summ       9%         N/A       22%         3
 Teleport Other           Tloc           9%         N/A       22%         3
 Dispel Undead            Necr           9%         3d8       58%         4
 Orb of Destruction       Conj           21%        9d8       86%         7
 Manifold Assault         Tloc           9%         N/A       90%         5
 Storm Form               Tmut/Air       17%        N/A       99%         7
 Dispersal                Tloc           4%         N/A       100%        6
 Spellforged Servitor     Conj/Summ      13%        N/A       100%        7


Dungeon Overview and Level Annotations

Branches:
Dungeon (11/15)            Temple (1/1) D:7            Lair (1/6) D:9
    Orc: D:9-12

Altars:
Ashenzari
Cheibriados
Dithmenos
Elyvilon
Fedhas
Gozag
Hepliaklqana
Kikubaaqudgha
Makhleb
Nemelex Xobeh
Okawaru
Qazlal
Ru
Sif Muna
Trog
Uskayaw
Vehumet
Wu Jian
Xom
Yredelemnul
Zin
The Shining One

Shops:
D:6 ![[[   D:11 [!

Annotations:
Lair:1 Urug


Innate Abilities, Weirdness & Mutations

You have a beak for a mouth.
You have claws for feet.
Your magical nature lets you fly swiftly and evasively.


Message History

The cane toad barely misses you.
Blink to where?
Press: ? - help, Dir - move target
As you read the scroll of blinking, it crumbles to dust.
* * * LOW HITPOINT WARNING * * *
You feel very sick.
You feel better.
Aiming: Airstrike (safe; 1% risk of failure)
Press: ? - help, Q - select action, (/) - cycle Dir - move target, f - cane toad
Aim: a cane toad (empty space bonus: 7/8)
The air twists around and strikes the cane toad!
The cane toad is moderately wounded.
Aiming: Airstrike (safe; 1% risk of failure)
Press: ? - help, Q - select action, (/) - cycle Dir - move target, f/p - cane toad
Aim: a cane toad (moderately wounded, empty space bonus: 5/8)
The air twists around and strikes the cane toad!
The cane toad is severely wounded.
Unknown command.
Aiming: Airstrike (safe; 1% risk of failure)
Press: ? - help, Q - select action, (/) - cycle Dir - move target, f/p - cane toad
Aim: a cane toad (severely wounded, empty space bonus: 4/8)
The air twists around and strikes the cane toad.
The cane toad is severely wounded.
The cane toad stings you!
* * * LOW HITPOINT WARNING * * *
You are lethally poisoned!
The cane toad poisons you!
You feel better. The cane toad barely misses you. The cane toad stings you!
* * * LOW HITPOINT WARNING * * *
You are poisoned.
The cane toad poisons you!
Aiming: Airstrike (safe; 1% risk of failure)
Press: ? - help, Q - select action, (/) - cycle Dir - move target, f/p - cane toad
Aim: a cane toad (severely wounded, empty space bonus: 4/8)
The air twists around and strikes the cane toad!
The cane toad is almost dead.
* * * LOW HITPOINT WARNING * * *
You feel very sick. The cane toad stings you!!
You die...

## #........# ####..........#
.#####........###.............###
.##..+......)))...##............#
....##........######..........#(#
.#####.........# #..........#..
.# ###+#####.# #..........##. ##
#..# #.# ####.#########
#########.####.########.##
...............F@....##..#
.............≈.F≈≈≈..###.####
....≈≈..≈≈≈≈≈≈..≈...........#
..≈≈≈≈≈≈≈≈≈≈≈≈≈≈≈....##.#.#.# ##
.≈≈≈≈≈≈≈≈≈≈.≈≈≈≈.≈....#.#.#.# #.
....≈≈≈≈...≈..≈≈≈.....#.#.######.
..≈≈≈≈≈≈≈[...≈≈≈.≈≈...#.#....>.#.
......?....>..≈≈≈≈...##.###.##.#.
.≈≈≈≈≈≈......≈≈≈≈.≈...#)....##.'.


You could see 2 cane toads.

Vanquished Creatures
  A two-headed ogre (D:8)
  Pikel (D:6)
  Maggie (D:10)
  A cane toad (Lair:1)
  2 trolls
  A polar bear (D:9)
  Prince Ribbit (D:7)
  A tarantella (shapeshifter) (D:10)
  A shadow (D:10)
  3 yaks (D:10)
  A steam dragon (D:9)
  4 wargs (D:10)
  An acid dragon (D:10)
  Duvessa (D:7)
  2 sky beasts (D:6)
  4 orc warriors
  An ice beast (D:9)
  2 necrophages
  An ogre (D:7)
  5 wolves (D:9)
  3 centaurs
  4 lemures (D:5)
  2 phantoms (D:6)
  3 kobold brigands
  A bullfrog (D:6)
  Dowan (D:7)
  9 killer bees
  7 wights
  5 electric eels
  A howler monkey (D:4)
  A centaur zombie (D:9)
  8 hounds
  2 jellies (D:7)
  3 bullfrog zombies
  Crazy Yiuf (D:7)
  2 iguanas
  7 orc priests
  2 bullfrog skeletons
  2 gnoll shamans
  2 centaur skeletons (D:7)
  6 orc wizards
  A killer bee zombie (D:8)
  2 centaur simulacra (D:9)
  A hound skeleton (D:5)
  13 gnolls
  A howler monkey skeleton (D:7)
  6 adders
  A shadow imp (D:6)
  4 white imps
  A howler monkey simulacrum (D:9)
  2 ufetubi
  2 adder skeletons
  3 worms
  2 dart slugs
  27 orcs
  4 bats
  6 endoplasms
  4 giant cockroaches
  9 goblins
  4 hobgoblins
  5 jackals
  3 quokkas
  5 ball pythons
  3 frilled lizards (D:3)
  17 kobolds
  8 rats
241 creatures vanquished.

Vanquished Creatures (others)
  20 fungi (D:8)
20 creatures vanquished.

Grand Total: 261 creatures vanquished

Notes
Turn   | Place    | Note
-------+----------+-------------------------------------------
     0 | D:1      | DrunkBamboolord the Tengu Air Elementalist began the quest
                  | for the Orb.
     0 | D:1      | Reached XP level 1. HP: 10/10 MP: 4/4
   380 | D:1      | Reached XP level 2. HP: 15/15 MP: 0/6
   970 | D:2      | Reached XP level 3. HP: 15/19 MP: 1/7
   973 | D:2      | Learned a level 2 spell: Static Discharge
  1051 | D:2      | Learned a level 3 spell: Swiftness
  1784 | D:2      | Reached skill level 5 in Air Magic
  2021 | D:2      | Reached XP level 4. HP: 24/24 MP: 6/8
  2954 | D:3      | HP: 1/24 [orc priest/divine providence (12)]
  2960 | D:3      | Gained mutation: Your magical nature lets you fly swiftly
                  | and evasively. [Tengu growth]
  2960 | D:3      | Reached XP level 5. HP: 11/28 MP: 4/10
  2967 | D:3      | Learned a level 4 spell: Airstrike
  3461 | D:3      | Found a faded altar of an unknown god.
  3881 | D:4      | Reached XP level 6. HP: 32/32 MP: 3/12
  4106 | D:4      | Reached skill level 6 in Air Magic
  4513 | D:5      | Entered Level 5 of the Dungeon
  5385 | D:5      | Noticed a necrophage
  5404 | D:5      | Killed a necrophage
  5405 | D:5      | Reached XP level 7. HP: 36/36 MP: 8/14
  5484 | D:5      | Noticed Pikel
  5837 | D:5      | Found a glowing golden altar of the Shining One.
  6152 | D:5      | Found a shimmering blue altar of Sif Muna.
  6197 | D:5      | Reached skill level 5 in Conjurations
  6374 | D:6      | Reached skill level 7 in Air Magic
  6570 | D:6      | Found Emafaegu's Armour Shoppe.
  6571 | D:6      | Found Kuunubas's Distillery.
  6609 | D:6      | Bought a potion of heal wounds for 75 gold pieces
  6672 | D:6      | Killed Pikel
  6673 | D:6      | Reached skill level 5 in Spellcasting
  6673 | D:6      | Reached skill level 8 in Air Magic
  6673 | D:6      | Reached XP level 8. HP: 38/41 MP: 8/17
  7079 | D:6      | Found Doigi's Antique Armour Emporium.
  7251 | D:6      | Found Pavey's Armour Shoppe.
  7657 | D:6      | Found a sacrificial altar of Ru.
  7682 | D:6      | Reached skill level 9 in Air Magic
  7682 | D:6      | Reached XP level 9. HP: 38/45 MP: 6/19
  8081 | D:6      | Found a shadowy altar of Dithmenos.
  8081 | D:6      | Found a white marble altar of Elyvilon.
  8199 | D:7      | Noticed Duvessa
  8200 | D:7      | Noticed Dowan
  8551 | D:7      | Killed Duvessa
  8556 | D:7      | Killed Dowan
  8749 | D:7      | Reached skill level 5 in Dodging
  9062 | D:7      | Reached skill level 10 in Air Magic
  9204 | D:7      | Found a staircase to the Ecumenical Temple.
  9208 | D:7      | Noticed Prince Ribbit
  9223 | D:7      | Killed Prince Ribbit
  9225 | Temple   | Entered the Ecumenical Temple
  9964 | D:7      | Found a runed translucent door.
  9965 | D:7      | Noticed Crazy Yiuf
  9970 | D:7      | Killed Crazy Yiuf
 10239 | D:8      | Noticed a two-headed ogre
 10244 | D:8      | Killed a two-headed ogre
 10245 | D:8      | Reached skill level 1 in Staves
 10245 | D:8      | Reached skill level 11 in Air Magic
 10245 | D:8      | Reached XP level 10. HP: 50/50 MP: 1/23
 11039 | D:8      | Found a broken altar of Ashenzari.
 12382 | D:9      | Found a staircase to the Lair.
 12416 | D:9      | Reached skill level 12 in Air Magic
 13516 | D:10     | Entered Level 10 of the Dungeon
 13731 | D:10     | Found a radiant altar of Vehumet.
 13735 | D:10     | Became a worshipper of Vehumet
 13786 | D:10     | Identified the +0 pair of gloves "Peygul" {rC+ Dex+2 SInv}
 13825 | D:10     | Reached XP level 11. HP: 31/54 MP: 2/25
 14501 | D:10     | Learned a level 4 spell: Fulminant Prism
 14625 | D:10     | Noticed Maggie
 14631 | D:10     | Killed Maggie
 14632 | D:10     | Reached skill level 13 in Air Magic
 15626 | D:11     | Found Zafabun's Armour Boutique.
 15626 | D:11     | Found Akkiyci's Distillery.
 15636 | D:11     | Noticed a boulder beetle
 15767 | Lair:1   | Entered Level 1 of the Lair of Beasts
 15779 | Lair:1   | Reached skill level 10 in Spellcasting
 15902 | Lair:1   | Noticed Urug
 15917 | D:9      | Mangled by a cane toad

Illustrated notes

Levels and vault maps discovered:
D:1:      moated_graveyard_arrival, layout_rooms
D:2:      layout_loops_cross
D:3:      layout_basic, chequers_ecumenical_altar_grove
D:4:      layout_rooms
D:5:      layout_basic, tso_oasis_becter, lemuel_doored_altar, uniq_pikel
D:6:      layout_basic, nicolae_ru_sacrificial_ziggurat,
          mainiacjoe_overflow_divided_tiny, serial_shops, shop,
          nicolae_shop_crystal, shop, nicolae_shop_stone, st_stairs_7,
          corexii_item_surrounded_by_moat
D:7:      layout_rooms, minmay_temple_entry_mist, serial_aquarium,
          aquarium_bridge_straight [aquarium_subvault_bridge,
          aquarium_subvault_window, aquarium_subvault_bridge,
          aquarium_subvault_wall], aquarium_bridge_square
          [aquarium_subvault_wall, aquarium_subvault_window,
          aquarium_subvault_bridge, aquarium_subvault_bridge],
          aquarium_window_fake, aquarium_window_1, aquarium_view_2b,
          aquarium_balcony_1b, aquarium_pool_2, uniq_prince_ribbit1,
          uniq_crazy_yiuf_cottage, uniq_duvessa
D:8:      layout_basic, mainiacjoe_overflow_cross_hatched, grunt_decor_cap
D:9:      layout_roguey, erik_lair_island, serial_ice, serial_ice_d,
          serial_ice_j, serial_ice_g, serial_ice_a
D:10:     layout_loops_ring, mainiacjoe_overflow_chevrons, nooodl_orcs_dogs,
          uniq_maggie
D:11:     layout_cave_pools, erik_orc_1, serial_shops, nicolae_shop_trees, shop,
          nicolae_diamond_shop, shop, nicolae_stop_n_shop_2, ebering_ghost_xom,
          minmay_misc_feat_nine_boxes, minmay_misc_feat_five
Temple:   regret_index_temple_waves
Lair:1:   layout_hall_layers, portal_ice_cave_entry_imps, beast_lair_carwin_3,
          wad_woods_river_01, uniq_urug

Skill      XL: |  1  2  3  4  5  6  7  8  9 10 11 |
---------------+----------------------------------+-----
Conjurations   | 2 3 4 6 7 8 |  8.8
Air Magic      | 5 6 8 9 11 12 13 | 13.3
Spellcasting   | 3 4 5 6 8 9 10 | 10.0
Dodging        | 3 4 5 6 |  6.4
Staves         | 1 3 |  3.8
Stealth        | |  2.0

Action                   |  1- 3 |  4- 6 |  7- 9 | 10-12 || total
-------------------------+-------+-------+-------+-------++-------
Melee: Unarmed           |    23 |     3 |    12 |       ||    38
       Peck              |     7 |     1 |     3 |    15 ||    26
       Kick              |     6 |       |     1 |    27 ||    34
       Quarterstaff      |       |       |       |    93 ||    93
 Cast: Shock             |    63 |   146 |    57 |    18 ||   284
       Static Discharge  |     3 |     4 |    34 |     1 ||    42
       Airstrike         |       |       |    69 |   146 ||   215
       Swiftness         |       |       |     1 |       ||     1
  Use: Scroll            |     3 |     6 |     6 |     4 ||    19
       Potion            |       |     1 |     1 |     4 ||     6
Armor: Robe              |    14 |     5 |    15 |    17 ||    51
       Steam dragon scal |       |       |       |    19 ||    19
Dodge: Dodged            |    34 |    31 |    42 |   168 ||   275
